AoeStats
← Horka Bulcsú

Arabia

510626305Analyzed
3v3 RM · 2d ago on Oct 1, 2026· 41m 31s· 6 players
Game mode
Random Map
Map size
Normal (6 player)
Population
200
Speed
Normal
Resources
Standard
Victory
Conquest
Starting age
Dark Age
Ending age
Imperial Age
RankedLock teamsTeams togetherTeam positionsShared explorationLock speedFull tech treeHidden civsTurbo modeCheats
Victory
Defeat
🇦🇷 Italians · Argentina
1289
+12
🇦🇷 Poles · Argentina
1248
+14
🇦🇷 Magyars · Argentina
1135
+18
🇬🇧 Ethiopians · United Kingdom
1303
-19
🇺🇸 Hindustanis · United States
1213
-15
🇹🇷 Franks · Türkiye
1073
-10
Hurut
6:44 Loom
9:30 Feudal Age
10:01 Double-Bit Axe
9:45 Man-at-Arms
18:13 Fletching
21:42 Castle Age
22:01 Crossbowman
22:40 Bodkin Arrow
26:33 Ballistics
27:45 Bow Saw
29:09 Wheelbarrow
31:02 Padded Archer Armor
34:51 Hand Cart
34:20 Horse Collar
34:30 Gold Mining
36:03 Thumb Ring
36:17 Leather Archer Armor
40:59 Imperial Age
Lehel_Kurt
6:54 Loom
9:16 Feudal Age
9:55 Double-Bit Axe
10:42 Horse Collar
16:34 Bloodlines
20:26 Scale Barding Armor
25:34 Forging
30:08 Castle Age
28:38 Gold Mining
31:25 Wheelbarrow
31:25 Chain Barding Armor
30:47 Light Cavalry
31:50 Husbandry
39:09 Fletching
39:57 Hand Cart
Horka Bulcsú
6:27 Loom
9:53 Feudal Age
11:37 Wheelbarrow
11:36 Double-Bit Axe
12:54 Wheelbarrow
15:52 Horse Collar
19:14 Bloodlines
24:16 Castle Age
23:09 Gold Mining
23:09 Stone Mining
23:49 Scale Barding Armor
25:47 Hand Cart
25:45 Husbandry
30:21 Chain Barding Armor
sub2myof@vivifanoftv
4:06 Loom
9:46 Feudal Age
10:32 Double-Bit Axe
11:28 Horse Collar
20:06 Castle Age
19:06 Scale Barding Armor
19:23 Gold Mining
20:38 Bloodlines
21:02 Heavy Plow
21:19 Bow Saw
25:21 Chain Barding Armor
26:28 Husbandry
27:40 Forging
32:31 Imperial Age
31:10 Wheelbarrow
30:52 Fletching
31:45 Elite Skirmisher
33:26 Gold Shaft Mining
32:42 Stone Mining
34:08 Ballistics
34:08 Thumb Ring
33:59 Bodkin Arrow
34:05 Padded Archer Armor
34:41 Bracer
34:52 Murder Holes
35:54 Conscription
36:55 Two-Man Saw
36:12 Hand Cart
37:23 Heavy Camel Rider
38:55 Leather Archer Armor
39:45 Hoardings
40:24 Plate Barding Armor
40:20 Ring Archer Armor
Wkd Br0
6:50 Loom
9:22 Feudal Age
10:33 Double-Bit Axe
15:33 Fletching
18:36 Padded Archer Armor
21:54 Gold Mining
21:51 Horse Collar
24:51 Castle Age
25:12 Crossbowman
26:01 Thumb Ring
25:53 Bodkin Arrow
27:11 Leather Archer Armor
27:42 Wheelbarrow
28:05 Heavy Plow
35:27 Ballistics
36:42 Murder Holes
siyahzeytinekmekcorba
5:33 Loom
11:38 Feudal Age
21:14 Scale Barding Armor
26:20 Fletching
39:37 Wheelbarrow
38:54 Double-Bit Axe
Connection lost

Rejoining the realm…

Still unreachable

The connection could not be restored.

Session expired

The server has moved on; the page needs a fresh start.